 Dungeon Crawl Stone Soup version 0.22.1-1-ga44c0e5 (webtiles) character file.

361 inc the Gouger (level 6, 28/28 HPs)
             Began as a Felid Fighter on Oct 27, 2018.
             Quit the game on level 4 of the Dungeon.
             The game lasted 00:03:50 (4309 turns).

inc the Gouger (Felid Fighter)                      Turns: 4309, Time: 00:03:51

Health: 28/28      AC:  2    Str: 12    XL:     6   Next: 38%
Magic:  7/7        EV: 20    Int:  9    God:
Gold:   198        SH:  0    Dex: 18    Spells: 5/5 levels left
                                        Lives:  1   Deaths: 1

rFire    . . .     SeeInvis +     - Unarmed
rCold    . . .     Gourm    .   (shield unavailable)
rNeg     . . .     Faith    .   (armour unavailable)
rPois    .         Spirit   .   (helmet unavailable)
rElec    .         Reflect  .   (cloak unavailable)
rCorr    .         Harm     .   (gloves unavailable)
MR       .....                  (boots unavailable)
Stlth    ++........             (no amulet)
HPRegen  0.09/turn              (no ring)
MPRegen  0.10/turn              (no ring)

@: quick
A: very small, no armour, no weapons or thrown items, stealth, claws 1, fangs 3,
see invisible, carnivore, speed 1, shaggy fur 2, slow metabolism 1, sharp paws
a: no special abilities


You were on level 4 of the Dungeon.
You were not hungry.

You visited 1 branch of the dungeon, and saw 4 of its levels.

You collected 198 gold pieces.

Inventory:

Jewellery
 i - a +5 ring of intelligence {unknown}
 p - an uncursed amulet of magic regeneration {unknown}
Scrolls
 c - 3 scrolls of enchant weapon {unknown}
 d - a scroll of noise {unknown}
 e - 2 scrolls of magic mapping {unknown}
 f - a scroll of enchant armour {unknown}
 g - 7 scrolls of identify {unknown}
 h - 2 scrolls of teleportation {unknown}
 j - a scroll of fear {unknown}
 n - a scroll of blinking {unknown}
 o - a scroll of remove curse {unknown}
Potions
 a - 2 potions of might
 k - a potion of cancellation {unknown}
 l - a potion of haste {unknown}
 m - a potion of flight {unknown}
Comestibles
 b - 8 rations


   Skills:
 - Level 3.0 Fighting
 - Level 4.1 Dodging
 + Level 9.1 Unarmed Combat


You had 5 spell levels left.
You didn't know any spells.
Your spell library was empty.

Dungeon Overview and Level Annotations

Branches:
Dungeon (4/15)
 Temple: D:4-7

Altars:
Dithmenos
Hepliaklqana


Innate Abilities, Weirdness & Mutations

You cannot wear armour.
You are incapable of wielding weapons or throwing items.
Your paws allow you to move quietly. (Stealth)
You have sharp claws.
You have razor-sharp teeth.
You have supernaturally acute eyesight. (SInv)
You are carnivorous and can eat meat at any time.
You cover ground quickly.
You are covered in thick fur. (AC +2)
You have a slow metabolism.
Your sharp claws are effective at attacking unaware monsters.


Message History

You are too injured to fight recklessly!
You are too injured to fight recklessly!
You scratch the ogre.
The ogre is moderately wounded.
You closely miss the ogre.
The ogre is moderately wounded.
The ogre closely misses you.
You scratch the ogre but do no damage. You bite the ogre.
The ogre is moderately wounded.
The ogre closely misses you.
You scratch the ogre but do no damage.
The ogre is moderately wounded.
You claw the ogre!
The ogre is severely wounded.
The ogre hits you with a giant club!
Ouch! That really hurt!
You die...
You are now level 6!
You rejoin the land of the living...
Are you sure you want to abandon this character and quit the game? (Confirm

#.....# #.....####...# #.....#
#............' #.#.#.#
##########...# #.#.#.# #..##
#.#.#.# #.ยง.# #.#.#.# #.#.#
#.#.#.#### #.#.. #.#
#.#.#....#########.#.. #.#
#.#.#@.............#.. #.#
#[#.#.##.###########.# #.#
#.#.#....######....... #.#
#.#.#..............#.# #.#
#.#.#.#########.##.#.#
##.#########.#.#....e.......#.#.#
#..........#.#.#..###########.#.#
#..........#.#.#..............#.#
...........#.#.#..............#..


There were no monsters in sight!

Vanquished Creatures
  Duvessa (D:4)
  An ogre (D:4)
  Dowan (D:4)
  A scorpion (D:3)
  A crimson imp (D:3)
  2 hounds (D:4)
  2 orc priests (D:4)
  An iguana (D:4)
  Terence (D:3)
  Robin (D:2)
  3 gnolls (D:2)
  8 adders
  2 worms (D:3)
  3 leopard geckos
  6 orcs
  A ball python (D:3)
  5 giant cockroaches
  9 goblins
  15 hobgoblins
  7 jackals
  6 kobolds
  A quokka (D:3)
  11 bats
  A frilled lizard (D:1)
  4 rats
94 creatures vanquished.

Notes
Turn   | Place    | Note
-------+----------+-------------------------------------------
     0 | D:1      | inc the Felid Fighter began the quest for the Orb.
     0 | D:1      | Reached XP level 1. HP: 10/10 MP: 2/2
    38 | D:1      | Reached XP level 2. HP: 6/14 MP: 3/3
   765 | D:2      | Reached XP level 3. HP: 17/17 MP: 4/4
   787 | D:2      | Reached skill level 5 in Unarmed Combat
  1146 | D:2      | Reached XP level 4. HP: 12/21 MP: 5/5
  1810 | D:2      | Noticed Robin
  1815 | D:2      | Killed Robin
  1815 | D:2      | Reached skill level 6 in Unarmed Combat
  2167 | D:3      | Found a shadowy altar of Dithmenos.
  2274 | D:3      | Found a faded altar of an unknown god.
  2276 | D:3      | Reached XP level 5. HP: 18/24 MP: 6/6
  2600 | D:3      | Noticed Terence
  2701 | D:3      | Killed Terence
  2970 | D:3      | Reached skill level 7 in Unarmed Combat
  2970 | D:3      | Gained mutation: You are covered in thick fur. (AC +2)
                  | [Felid growth]
  2970 | D:3      | Reached XP level 6. HP: 28/28 MP: 7/7
  2984 | D:3      | Found a hazy altar of Hepliaklqana.
  3406 | D:4      | Reached skill level 8 in Unarmed Combat
  3686 | D:4      | Reached XP level 7. HP: 18/31 MP: 8/8
  3812 | D:4      | Noticed Duvessa
  3812 | D:4      | Noticed Dowan
  4146 | D:4      | Killed Duvessa
  4155 | D:4      | Killed Dowan
  4155 | D:4      | Reached skill level 9 in Unarmed Combat
  4308 | D:4      | Slain by an ogre
  4309 | D:4      | Reached XP level 6. HP: -2/28 MP: 7/7
  4309 | D:4      | Quit the game

Skill      XL: |  1  2  3  4  5  6  7 |
---------------+----------------------+-----
Unarmed Combat | 5 6 7 8 9 |  9.1
Fighting       | |  3.0
Dodging        | |  4.1

Action                   |  1- 3 |  4- 6 |  7- 9 || total
-------------------------+-------+-------+-------++-------
Melee: Unarmed           |    83 |   150 |    29 ||   262
       Bite              |     7 |    13 |     3 ||    23
       Punch             |     4 |     7 |     2 ||    13
 Stab: Sleeping          |     5 |     7 |     2 ||    14
  Eat: Chunk             |       |     4 |     1 ||     5
Armor: Skin              |     5 |     5 |     2 ||    12
Dodge: Dodged            |    70 |   108 |    12 ||   190
